 Dungeon Crawl Stone Soup version 0.25.1-2-g60ff931df9 (webtiles) character file.

Game seed: 13167855981146892774

462830 Elvor the Slayer (level 23, -3/232 HPs)
             Began as a Minotaur Fighter on Aug 18, 2020.
             Was the Champion of Okawaru.
             Killed from afar by a tengu reaver (23 damage)
             ... with a bolt of poison
             ... while paralysed by a floating eye
             ... on level 4 of the Depths on Aug 23, 2020.
             The game lasted 10:02:53 (62442 turns).

Elvor the Slayer (Minotaur Fighter)                Turns: 62442, Time: 10:02:53

Health: -3/232     AC: 30    Str: 32 (33) XL:     23   Next: 39%
Magic:  38/38      EV:  2    Int:  8      God:    Okawaru [******]
Gold:   2253       SH:  0    Dex: 18      Spells: 17/22 levels left

rFire    . . .     SeeInvis +   G - +1 demon whip "Leviticus" {drain, Str+6 Stlth-}
rCold    + . .     Gourm    .   W - +0 tower shield {reflect}
rNeg     + + .     Faith    +   v - +1 plate armour of the Quahog {*Slow rN++ SInv Stlth+}
rPois    .         Spirit   .   a - +0 hat of Jotz {rElec MP+9 Dex+7}
rElec    +         Reflect  +   J - +2 cloak
rCorr    +         Harm     .   V - +1 pair of gloves {archery}
MR       +++..                  t - +0 pair of boots
Stlth    ..........             p - amulet of faith
HPRegen  0.48/turn              w - ring of the Fiend {MR++ AC+4 Stlth+}
MPRegen  0.26/turn              b - ring of Acicu {rC+ rCorr Slay+3}

@: paralysed, lethally poisoned (-3 -> -15), slowed
A: retaliatory headbutt, horns 2, deterioration 1
}: 2/15 runes: serpentine, barnacled
a: Heroism, Finesse, Renounce Religion


You were on level 4 of the Depths.
You worshipped Okawaru.
Okawaru was exalted by your worship.
You were hungry.

You visited 9 branches of the dungeon, and saw 43 of its levels.
You visited the Abyss 1 time.
You also visited: Gauntlet and Ice Cave.

You collected 6035 gold pieces.
You spent 3782 gold pieces at shops.

Inventory:

Hand Weapons
 j - a +6 vorpal hunting sling
 u - the +3 hunting sling "Qitur" {vorpal, rN+}
   (Okawaru gifted it to you on level 4 of the Depths)

   Any stone fired from it inflicts extra damage.
   It protects you from negative energy.
 G - the +1 demon whip "Leviticus" (weapon) {drain, Str+6 Stlth-}
   (You acquired it on level 9 of the Dungeon)

   A truly terrible weapon, it drains the life of those it strikes.
   It affects your strength (+6).
   It makes you less stealthy.
 I - a +2 vampiric demon whip
Missiles
 K - 32 boomerangs (quivered)
Armour
 a - the +0 hat of Jotz (worn) {rElec MP+9 Dex+7}
   (Okawaru gifted it to you on level 12 of the Dungeon)

   It affects your dexterity (+7).
   It insulates you from electricity.
   It affects your magic capacity (+9).
 n - +0 ice dragon scales
 r - +0 fire dragon scales
 t - a +0 pair of boots (worn)
 v - the +1 plate armour of the Quahog (worn) {*Slow rN++ SInv Stlth+}
   (You bought it in a shop on level 2 of the Orcish Mines)

   It greatly protects you from negative energy.
   It lets you see invisible.
   It may slow you when you take damage.
   It makes you more stealthy.
 C - a +10 plate armour of ponderousness
 J - a +2 cloak (worn)
 O - the +4 scale mail "Imeuz" {Int+6 Dex+4 Stlth+}
   (You found it on level 3 of the Depths)

   It affects your intelligence (+6).
   It affects your dexterity (+4).
   It makes you more stealthy.
 Q - the +1 pair of gloves of Ifineik {rCorr}
   (You found it on level 3 of the Depths)

   It provides partial protection from all sources of acid and corrosion.
 V - a +1 pair of gloves of archery (worn)
 W - a +0 tower shield of reflection (worn)
Jewellery
 b - the ring of Acicu (right hand) {rC+ rCorr Slay+3}
   (You found it on level 3 of the Elven Halls)

   [ring of resist corrosion]

   It affects your accuracy and damage with ranged weapons and melee attacks
   (+3).
   It protects you from cold.
   It provides partial protection from all sources of acid and corrosion.
 p - an amulet of faith (around neck)
 w - the ring of the Fiend (left hand) {MR++ AC+4 Stlth+}
   (You found it on level 12 of the Dungeon)

   [ring of protection]

   It affects your AC (+4).
   It affects your resistance to hostile enchantments.
   It makes you more stealthy.
 Y - an uncursed ring of protection from cold
Wands
 g - a wand of acid (50)
 m - a wand of disintegration (7)
 x - a wand of paralysis (16)
 y - a wand of flame (148)
 B - a wand of enslavement (16)
 D - a wand of digging (9)
 F - a wand of clouds (7)
 S - a wand of polymorph (43)
 Z - a wand of iceblast (37)
Scrolls
 d - 4 scrolls of fear
 e - 6 scrolls of summoning
 h - 26 scrolls of teleportation
 i - 9 scrolls of remove curse
 k - 6 scrolls of fog
 E - 6 scrolls of immolation
 H - 2 scrolls of identify
 N - 7 scrolls of magic mapping
 P - 8 scrolls of blinking
 R - 6 scrolls of vulnerability
Potions
 c - 5 potions of invisibility
 l - a potion of resistance
 o - 5 potions of haste
 q - a potion of flight
 s - 5 potions of might
 z - 23 potions of curing
 A - a potion of heal wounds
 L - 4 potions of cancellation
 M - 3 potions of stabbing
 T - 3 potions of berserk rage
 X - 7 potions of lignification
Comestibles
 f - 46 rations
 U - 11 chunks of flesh


   Skills:
 * Level 24.5 Fighting
 + Level 19.7 Maces & Flails
 + Level 13.7 Throwing
 + Level 16.9 Armour
 * Level 12.2 Dodging
 - Level 1.1 Stealth
 + Level 22.6 Shields
 * Level 9.6 Invocations
 * Level 8.3 Evocations


You had 17 spell levels left.
You knew the following spells:

 Your Spells              Type           Power        Failure   Level  Hunger
a - Blink                 Tloc           N/A          98%         2    ###....
b - Apportation           Tloc           #.....       95%         1    ##.....
c - Passwall              Tmut/Erth      #.......     98%         2    ###....

Your spell library contained the following spells:

 Spells                   Type           Power        Failure   Level  Hunger
 Animate Skeleton         Necr           N/A          95%         1    ##.....
 Corona                   Hex            #......      95%         1    ##.....
 Foxfire                  Conj/Fire      #...         95%         1    ##.....
 Freeze                   Ice            #...         95%         1    ##.....
 Infusion                 Chrm           #...         95%         1    ##.....
 Magic Dart               Conj           #...         95%         1    ##.....
 Sandblast                Erth           #.....       95%         1    ##.....
 Sting                    Tmut/Pois      #...         95%         1    ##.....
 Summon Small Mammal      Summ           #...         95%         1    ##.....
 Call Imp                 Summ           #.......     98%         2    ###....
 Corpse Rot               Necr/Air       N/A          98%         2    ###....
 Ensorcelled Hibernation  Hex/Ice        #.....       98%         2    ###....
 Poisonous Vapours        Pois/Air       #.....       98%         2    ###....
 Searing Ray              Conj           #.....       98%         2    ###....
 Shroud of Golubria       Chrm/Tloc      #.....       98%         2    ###....
 Slow                     Hex            #.......     98%         2    ###....
 Song of Slaying          Chrm           #.......     98%         2    ###....
 Sublimation of Blood     Necr           #.........   98%         2    ###....
 Swiftness                Chrm/Air       #.......     98%         2    ###....
 Confusing Touch          Hex            #.......     100%        3    ####...
 Conjure Flame            Conj/Fire      #.......     100%        3    ####...
 Dazzling Flash           Conj/Hex       #.....       100%        3    ####...
 Frozen Ramparts          Ice            #.....       100%        3    ####...
 Gell's Gravitas          Tloc           #.........   100%        3    ####...
 Ignite Poison            Fire/Tmut/Pois #.......     100%        3    ####...
 Inner Flame              Hex/Fire       #.......     100%        3    ####...
 Lesser Beckoning         Tloc           #.........   100%        3    ####...
 Mephitic Cloud           Conj/Pois/Air  #.......     100%        3    ####...
 Ozocubu's Armour         Chrm/Ice       #.......     100%        3    ####...
 Portal Projectile        Hex/Tloc       #.....       100%        3    ####...
 Spectral Weapon          Hex/Chrm       #.......     100%        3    ####...
 Spider Form              Tmut/Pois      #.........   100%        3    ####...
 Static Discharge         Conj/Air       #.......     100%        3    ####...
 Stone Arrow              Conj/Erth      #.....       100%        3    ####...
 Teleport Other           Tloc           #.......     100%        3    ####...
 Tukima's Dance           Hex            #.......     100%        3    ####...
 Airstrike                Air            #.........   100%        4    #####..
 Cause Fear               Hex            #.........   100%        4    #####..
 Dispel Undead            Necr           #.......     100%        4    #####..
 Fulminant Prism          Conj/Hex       #.........   100%        4    #####..
 Hailstorm                Conj/Ice       #.......     100%        4    #####..
 Ice Form                 Ice/Tmut       #.......     100%        4    #####..
 Iskenderun's Mystic Bla  Conj/Tloc      #.......     100%        4    #####..
 Leda's Liquefaction      Hex/Erth       #.........   100%        4    #####..
 Olgreb's Toxic Radiance  Pois           #.......     100%        4    #####..
 Passage of Golubria      Tloc           N/A          100%        4    #####..
 Petrify                  Tmut/Erth      #.......     100%        4    #####..
 Sticky Flame             Conj/Fire      #.......     100%        4    #####..
 Summon Ice Beast         Ice/Summ       #.......     100%        4    #####..
 Summon Lightning Spire   Summ/Air       #.......     100%        4    #####..
 Agony                    Necr           #.......     100%        5    ######.
 Bolt of Magma            Conj/Fire/Erth #.........   100%        5    ######.
 Borgnjor's Vile Clutch   Necr/Erth      #.........   100%        5    ######.
 Excruciating Wounds      Chrm/Necr      #.........   100%        5    ######.
 Fireball                 Conj/Fire      #.........   100%        5    ######.
 Lee's Rapid Deconstruct  Erth           #.........   100%        5    ######.
 Lightning Bolt           Conj/Air       #.........   100%        5    ######.
 Metabolic Englaciation   Hex/Ice        #.........   100%        5    ######.
 Silence                  Hex/Air        #.........   100%        5    ######.
 Summon Forest            Summ/Tloc      #.........   100%        5    ######.
 Yara's Violent Unravell  Hex/Tmut       #.........   100%        5    ######.
 Conjure Ball Lightning   Conj/Air       #.........   100%        6    #######
 Darkness                 Hex            #.........   100%        6    #######
 Eringya's Noxious Bog    Tmut/Pois      #.........   100%        6    #######
 Freezing Cloud           Conj/Ice/Air   #.........   100%        6    #######
 Hydra Form               Tmut           #.........   100%        6    #######
 Invisibility             Hex            #.......     100%        6    #######
 Iron Shot                Conj/Erth      #.........   100%        6    #######
 Ozocubu's Refrigeration  Ice            #.........   100%        6    #######
 Simulacrum               Ice/Necr       #.........   100%        6    #######
 Statue Form              Tmut/Erth      #........    100%        6    #######
 Malign Gateway           Summ/Tloc      #.........   100%        7    #######
 Monstrous Menagerie      Summ           #.........   100%        7    #######
 Ring of Flames           Chrm/Fire      #.........   100%        7    #######
 Summon Greater Demon     Summ           #.........   100%        7    #######
 Summon Hydra             Summ           #.........   100%        7    #######
 Ignition                 Fire           #.........   100%        8    #######
 Summon Horrible Things   Summ           #.........   100%        8    #######
 Shatter                  Erth           #.........   100%        9    #######
 Tornado                  Air            #.........   100%        9    #######


Dungeon Overview and Level Annotations

Branches:
Dungeon (15/15)            Temple (1/1) D:6            Lair (6/6) D:8
 Shoals (4/4) Lair:4        Snake (4/4) Lair:3        Slime (0/5) Lair:5
    Orc (2/2) D:11            Elf (3/3) Orc:2        Vaults (4/5) D:14
  Crypt (0/3) Vaults:3     Depths (4/5) D:15          IceCv (visited)
Gauntlet (visited)

Altars:
Ashenzari
Cheibriados
Dithmenos
Elyvilon
Fedhas
Gozag
Hepliaklqana
Kikubaaqudgha
Makhleb
Nemelex Xobeh
Okawaru
Qazlal
Ru
Sif Muna
Trog
Uskayaw
Vehumet
Wu Jian
Xom
Yredelemnul
Zin
The Shining One
Beogh
Jiyva

Shops:
D:8 =   D:9 :   D:13 [   Orc:2 ==[:   Elf:2 *   Shoals:2 =   Snake:2 :=
Vaults:1 !   Vaults:2 *   Vaults:4 !   Depths:3 (

Portals:
Hell: Depths:1 Depths:2 Depths:3 Depths:4
Abyss: Depths:1 Depths:4
Pandemonium: Depths:1 Depths:2 Depths:3
Ziggurat: Depths:3
Trove: D:12 (give 2 scrolls of acquirement)

Annotations:
Vaults:4 3 runed translucent doors, DildoBatman's ghost, adept FoWz; Getoffmy's ghost, veteran GrFi; howech's ghost, veteran MiGl


Innate Abilities, Weirdness & Mutations

You reflexively headbutt those who attack you in melee.
You have a pair of horns on your head.
Your body sometimes deteriorates upon taking damage.


Message History

There is an open door, spattered with blood here.
You see here a bolt.
You are no longer corroded.
The green very ugly thing completely misses you.
Some of the chunks of flesh in your inventory have rotted away.
You open the door.
You feel sick.
A green very ugly thing comes into view.
The floating eye gazes piercingly through you!
You suddenly lose the ability to move!
The green very ugly thing pecks you!
* * * LOW HITPOINT WARNING * * *
A green very ugly thing comes into view.
The green very ugly thing pecks you but does no damage.
The floating eye seems to glare at you. The green very ugly thing pecks you.
* * * LOW HITPOINT WARNING * * *
The tengu reaver gestures at you while chanting.
The bolt of poison hits the green very ugly thing.
The bolt of poison hits you!!
You are more poisoned.
You die...

...##+##'
..##(....c#####
.##
#..)yG)'..##### ##
##.$*D##..?...###
#
##..+#..u....'.##
## #....u..##..##
###.c*D##...(## #
###Qu#......## ##
###@.......# .#
###'#....#'## ##
##...##).##..# #
##....())##...#
###
###...8.)##)(...#
..###
#........##.....#
....##
##......####.....#
.#...# #......##
#.....# .##..##
###....## ##..#+#


You could see 3 very ugly things, an ice dragon, a tengu reaver (drained), a
yaktaur captain and a battlesphere.

Vanquished Creatures
  Xtahua (Vaults:3)
  the Enchantress (Depths:2)
  The ghost of Manyts the Slayer, an adept MiBe of Trog (Depths:3)
  Rupert (Lair:5)
  A lich (Vaults:4)
  A quicksilver dragon (Depths:2)
  2 deep elf master archers (Elf:3)
  2 deep elf blademasters (Elf:3)
  Frances (Elf:1)
  Gastronok (D:10)
  Polyphemus (Shoals:4)
  Kirke (D:14)
  5 krakens (Shoals:3)
  A shadow dragon (Depths:4)
  5 sphinxes
  A storm dragon (Depths:2)
  Donald (Elf:2)
  Roxanne (Elf:2)
  Ilsuiw (Shoals:4)
  6 nagarajas
  7 frost giants
  7 fire giants
  7 deep elf sorcerers
  3 orc warlords
  12 vault wardens
  A cacodemon (Depths:1)
  5 deep elf elementalists (Elf:3)
  9 very ugly things
  12 stone giants
  13 ironheart preservers
  5 vampire knights (Depths:3)
  3 spriggan defenders
  7 deep elf demonologists
  4 deep elf annihilators (Elf:3)
  A minotaur (Gauntlet)
  7 spark wasps
  6 merfolk javelineers
  11 ettins
  The ghost of Mesosil the Destroyer, a journeyman OpFE of Vehumet (Lair:1)
  A death ooze (Gauntlet)
  7 merfolk impalers
  9 fire dragons
  4 deep elf death magi (Elf:3)
  14 yaktaur captains
  Erolcha (D:9)
  The ghost of z0mbie90 the Cleaver, a journeyman MiBe of Trog (Lair:1)
  A deep elf high priest (Elf:3)
  11 naga warriors
  6 great orbs of eyes
  11 ice dragons
  7 rakshasas
  9 vault guards
  6 merfolk avatars
  2 catoblepae
  14 centaur warriors
  3 spriggan air magi
  5 anacondas
  4 hydras
  A satyr (Shoals:4)
  5 merfolk aquamancers (Shoals:4)
  33 two-headed ogres
  28 dancing weapons
  A death knight (Vaults:3)
  A tengu warrior (Depths:1)
  6 deep troll shamans
  2 orc high priests (Depths:2)
  6 death yaks
  10 ogre magi
  8 deep troll earth magi
  2 alligator snapping turtles
  2 vampire magi
  6 shock serpents
  A shock serpent (shapeshifter) (D:14)
  A titan zombie (D:15)
  A soul eater (Depths:1)
  18 naga sharpshooters
  Sonja (D:10)
  22 deep elf knights
  A hell knight (Depths:3)
  A spriggan (Depths:2)
  2 iron trolls (Depths:2)
  2 shadow wraiths (Vaults:2)
  A golden dragon zombie (Depths:1)
  6 skeletal warriors
  A death drake (shapeshifter) (Vaults:1)
  4 salamander mystics
  6 unseen horrors
  6 sea snakes
  2 spark wasp zombies
  31 deep trolls
  A wizard (Vaults:2)
  15 deep elf archers
  11 naga ritualists
  4 flayed ghosts
  6 glowing orange brains
  8 necromancers
  Pikel (D:4)
  2 lindwurms (Lair:6)
  A wolf spider zombie (D:15)
  12 ironbrand convokers
  A tengu zombie (D:15)
  23 harpies
  4 phantasmal warriors (Depths:3)
  A shadow dragon zombie (Depths:4)
  14 orc knights
  5 wolf spiders
  4 oklob plants (Lair:4)
  56 deep elf magi
  7 mana vipers
  4 fauns (Shoals:4)
  35 ugly things
  9 salamanders
  12 cyclopes
  A sphinx skeleton (Depths:1)
  A moth of wrath (Gauntlet)
  A cyclops (shapeshifter) (Depths:2)
  A stone giant zombie (D:15)
  12 manticores
  2 orc sorcerers
  A frost giant zombie (Depths:4)
  A fire giant skeleton (Depths:1)
  An iron dragon skeleton (Depths:4)
  A frost giant skeleton (Depths:2)
  4 elephants (Lair:6)
  5 centaur zombies
  An elf zombie (Depths:4)
  An ice statue (IceCv)
  3 eyes of devastation (Depths:3)
  A black mamba (shapeshifter) (Vaults:4)
  11 merfolk sirens
  27 naga magi
  5 water nymphs
  21 black mambas
  16 vault sentinels
  5 centaur skeletons
  An elf skeleton (Depths:4)
  6 torpor snails (Lair:6)
  2 guardian serpents (Snake:3)
  6 gargoyles
  11 spiny frogs
  A storm dragon simulacrum (Vaults:2)
  2 spriggan skeletons
  A yaktaur (shapeshifter) (Vaults:1)
  A tormentor (Depths:3)
  59 yaktaurs
  15 freezing wraiths
  A kobold demonologist (D:14)
  An entropy weaver simulacrum (Vaults:1)
  6 komodo dragons
  A redback zombie (D:14)
  2 hellwings (Depths:1)
  A yaktaur skeleton (Vaults:2)
  A rime drake (Lair:6)
  An ice devil (Gauntlet)
  A tengu conjurer (Depths:1)
  A wind drake (Shoals:4)
  A polar bear (Lair:5)
  24 merfolk
  2 tengu simulacra
  2 wolf spider simulacra
  3 tyrant leeches (Lair:6)
  10 hornets
  17 trolls
  2 meliai (shapeshifter)
  6 dream sheep
  31 slime creatures
  2 human simulacra (Vaults:2)
  5 blink frogs (Lair:4)
  A blink frog (shapeshifter) (Vaults:4)
  12 snapping turtles
  8 hippogriffs
  3 large abominations
  A frost giant simulacrum (Vaults:2)
  Sigmund (D:5)
  2 redbacks (Gauntlet)
  An ettin skeleton (Depths:1)
  4 wraiths
  4 shadows
  2 air elementals
  8 wyverns
  54 yaks
  2 hogs
  A yak (shapeshifter) (Depths:4)
  Grum (D:8)
  A basilisk (Lair:3)
  A hog (shapeshifter) (Vaults:2)
  A human (D:8)
  16 water elementals
  A vampire mosquito (D:13)
  Eustachio (D:4)
  4 fire elementals
  A death yak simulacrum (IceCv)
  3 golden eyes (Depths:3)
  3 hungry ghosts
  A chaos spawn (Depths:1)
  Menkaure (D:6)
  6 wargs
  44 nagas
  An acid dragon (D:13)
  2 soldier ants (shapeshifter)
  Duvessa (D:4)
  11 water moccasins
  4 floating eyes
  18 ice beasts
  27 orc warriors
  7 porcupines
  3 black bears
  3 slaves (D:4)
  A black bear (shapeshifter) (Vaults:3)
  3 phantoms
  2 necrophages
  2 sky beasts
  38 ogres
  16 centaurs
  19 boggarts
  25 wolves
  8 small abominations
  14 crocodiles
  Blork the orc (D:4)
  4 big kobolds
  A human zombie (Vaults:2)
  26 bullfrogs
  2 earth elementals (Elf:3)
  A wyvern zombie (D:14)
  Dowan (D:4)
  5 scorpions
  A killer bee (shapeshifter) (Vaults:2)
  14 wights
  12 howler monkeys
  3 electric eels
  9 crimson imps
  6 draconian simulacra (IceCv)
  A quasit (D:13)
  3 jellies
  2 bullfrog zombies
  A gnoll shaman (D:6)
  22 orc priests
  2 bullfrog skeletons
  10 hounds
  21 orc wizards
  An iron imp (Depths:4)
  Ijyb (D:5)
  5 iguanas
  11 worker ants
  3 yak simulacra (Lair:6)
  A spriggan simulacrum (IceCv)
  7 troll simulacra (IceCv)
  2 polar bear simulacra (IceCv)
  4 wolf simulacra (Lair:6)
  3 centaur simulacra (IceCv)
  3 hound zombies
  A hound skeleton (D:8)
  A howler monkey zombie (D:11)
  15 adders
  10 gnolls
  A howler monkey skeleton (D:4)
  2 naga simulacra (IceCv)
  An ogre simulacrum (IceCv)
  5 shadow imps
  16 white imps
  An adder zombie (D:8)
  3 adder skeletons
  3 worms
  4 dart slugs
  7 leopard geckos
  81 orcs
  2 giant cockroaches (D:5)
  7 goblins
  15 hobgoblins
  10 jackals
  24 kobolds
  11 quokkas
  2 ball pythons
  10 bats
  5 frilled lizards
  25 rats
  4 river rat simulacra (Lair:6)
  2 crawling corpses (Elf:3)
  6 plants
  9 tentacles (Shoals:3)
  2 withered plants (D:13)
1942 creatures vanquished.

Vanquished Creatures (others)
  An eldritch tentacle (Depths:3)
  A merfolk avatar (Shoals:4)
  A necromancer (IceCv)
  A harpy (Shoals:4)
  A human (D:15)
  A slave (D:4)
  An orc wizard (D:9)
  2 orcs
  7 fungi
  A lurking horror (Abyss:2)
  29 plants
  60 tentacles (Shoals:3)
  5 withered plants
111 creatures vanquished.

Grand Total: 2053 creatures vanquished

Notes
Turn   | Place    | Note
-------+----------+-------------------------------------------
     0 | D:1      | Elvor the Minotaur Fighter began the quest for the Orb.
     0 | D:1      | Reached XP level 1. HP: 19/19 MP: 0/0
   175 | D:1      | Reached skill level 4 in Fighting
   175 | D:1      | Reached XP level 2. HP: 27/27 MP: 1/1
   601 | D:1      | Reached XP level 3. HP: 24/34 MP: 2/2
  1290 | D:2      | Reached XP level 4. HP: 32/41 MP: 3/3
  2083 | D:3      | Noticed a bullfrog
  2093 | D:3      | Killed a bullfrog
  2093 | D:3      | Reached XP level 5. HP: 40/47 MP: 4/4
  2100 | D:3      | Found a faded altar of an unknown god.
  2604 | D:3      | Reached skill level 5 in Fighting
  2868 | D:4      | Noticed Duvessa
  2868 | D:4      | Noticed Dowan
  2880 | D:4      | Killed Duvessa
  2880 | D:4      | Reached XP level 6. HP: 48/57 MP: 5/5
  2892 | D:4      | Killed Dowan
  2892 | D:4      | Reached skill level 5 in Maces & Flails
  2892 | D:4      | Reached skill level 5 in Shields
  3052 | D:4      | Noticed a slave
  3052 | D:4      | Noticed a slave
  3052 | D:4      | Noticed a slave
  3071 | D:4      | Killed a slave
  3073 | D:4      | Killed a slave
  3075 | D:4      | Noticed Pikel
  3078 | D:4      | Noticed a slave
  3080 | D:4      | Killed a slave
  3088 | D:4      | Killed Pikel
  3088 | D:4      | Reached skill level 6 in Fighting
  3088 | D:4      | Reached skill level 5 in Armour
  3088 | D:4      | Reached XP level 7. HP: 35/64 MP: 6/6
  3280 | D:4      | Noticed Eustachio
  3295 | D:4      | Killed Eustachio
  3295 | D:4      | Reached XP level 8. HP: 68/71 MP: 7/7
  3499 | D:4      | Reached skill level 7 in Fighting
  3520 | D:4      | Reached skill level 1 in Throwing
  3675 | D:4      | Noticed Blork the orc
  3680 | D:4      | Killed Blork the orc
  3705 | D:4      | Found a shimmering altar of Xom.
  3724 | D:4      | Found a glowing silver altar of Zin.
  3724 | D:4      | Found a basalt altar of Yredelemnul.
  3725 | D:4      | Found a snail-covered altar of Cheibriados.
  3725 | D:4      | Found an ancient bone altar of Kikubaaqudgha.
  3985 | D:5      | Entered Level 5 of the Dungeon
  4208 | D:5      | Noticed Sigmund
  4217 | D:5      | Killed Sigmund
  4308 | D:5      | Found a sacrificial altar of Ru.
  4415 | D:5      | Found a hazy altar of Hepliaklqana.
  4439 | D:5      | Noticed Ijyb
  4450 | D:5      | Killed Ijyb
  4559 | D:5      | Identified the Volume of Transformation and the Birds
  4791 | D:6      | Reached XP level 9. HP: 81/81 MP: 8/8
  4826 | D:6      | Found a stormy altar of Qazlal.
  4960 | D:6      | Reached skill level 8 in Fighting
  5026 | D:6      | Found a staircase to the Ecumenical Temple.
  5045 | D:6      | Learned a level 2 spell: Blink
  5047 | Temple   | Entered the Ecumenical Temple
  5109 | Temple   | Became a worshipper of Warmaster Okawaru
  5168 | D:6      | Noticed Menkaure
  5185 | D:6      | Killed Menkaure
  5372 | D:6      | Reached skill level 1 in Dodging
  5446 | D:7      | Reached * piety under Okawaru
  5475 | D:7      | Found a bloodstained altar of Trog.
  6051 | D:7      | Reached skill level 10 in Maces & Flails
  6239 | D:8      | Got a crude helmet
  6256 | D:8      | Found a radiant altar of Vehumet.
  6264 | D:8      | Found an ornate altar of the Wu Jian Council.
  6269 | D:8      | Found a sparkling altar of Nemelex Xobeh.
  6303 | D:8      | Reached skill level 9 in Fighting
  6339 | D:8      | Noticed Grum
  6364 | D:8      | Reached ** piety under Okawaru
  6383 | D:8      | Killed Grum
  6487 | D:8      | Found an opulent altar of Gozag.
  6760 | D:8      | Reached XP level 10. HP: 91/93 MP: 9/9
  6846 | D:8      | Found a staircase to the Lair.
  6883 | D:8      | Found a bloodstained altar of Trog.
  6890 | D:8      | Got a pair of brightly glowing gloves
  6935 | D:8      | Identified the +0 pair of gloves of the Gastropod {rN+}
                  | (You found it on level 8 of the Dungeon)
  6984 | D:8      | Reached skill level 10 in Fighting
  7061 | D:8      | Found Ziloamno's Jewellery Emporium.
  7301 | D:9      | Found Muceq's Book Shop.
  7312 | D:9      | Noticed Erolcha
  7323 | D:9      | Killed Erolcha
  7323 | D:9      | Reached *** piety under Okawaru
  7699 | D:9      | Identified a scroll of acquirement
  7701 | D:9      | Acquired the +1 demon whip "Leviticus" {drain, Str+6
                  | Stlth-}
  7789 | D:9      | Noticed a two-headed ogre
  7822 | D:9      | Killed a two-headed ogre
  7826 | D:9      | Reached **** piety under Okawaru
  8126 | D:9      | Found a glowing golden altar of the Shining One.
  8358 | D:10     | Entered Level 10 of the Dungeon
  8358 | D:10     | Noticed Sonja
  8363 | D:10     | Cast into level 2 of the Abyss (Sonja)
  8493 | D:10     | Escaped the Abyss
  8504 | D:10     | Killed Sonja
  8504 | D:10     | Reached skill level 11 in Fighting
  8504 | D:10     | Reached XP level 11. HP: 37/102 MP: 7/10
  8543 | D:10     | Reached ***** piety under Okawaru
  8929 | D:10     | Noticed Gastronok
  8944 | D:10     | Killed Gastronok
  8944 | D:10     | Reached skill level 5 in Throwing
  9629 | D:11     | Reached skill level 1 in Invocations
  9709 | D:11     | Received a gift from Okawaru
  9753 | D:11     | Noticed an orc knight
  9754 | D:11     | Found a roughly hewn altar of Beogh.
  9754 | D:11     | Found a staircase to the Orcish Mines.
  9758 | D:11     | Reached skill level 12 in Fighting
 10207 | D:11     | Killed an orc knight
 10207 | D:11     | Received a gift from Okawaru
 10210 | D:11     | Got a scorched lajatang {god gift}
 10221 | D:11     | Identified the +3 lajatang of Fegiub {holy, MR+} (Okawaru
                  | gifted it to you on level 11 of the Dungeon)
 10475 | D:11     | Noticed a red ugly thing
 10499 | D:11     | Killed a red ugly thing
 11417 | D:12     | Reached XP level 12. HP: 97/111 MP: 11/11
 11586 | D:12     | Reached skill level 10 in Armour
 11778 | D:12     | Received a gift from Okawaru
 11781 | D:12     | Got a dazzling hat {god gift}
 11792 | D:12     | Identified the +0 hat of Jotz {rElec MP+9 Dex+7} (Okawaru
                  | gifted it to you on level 12 of the Dungeon)
 11917 | D:12     | Reached skill level 10 in Shields
 12065 | D:12     | Noticed a vault guard
 12074 | D:12     | Killed a vault guard
 12074 | D:12     | Reached skill level 13 in Fighting
 12079 | D:12     | Found a portal to a secret trove of treasure.
 12422 | D:12     | Noticed a two-headed ogre
 12428 | D:12     | Killed a two-headed ogre
 12495 | D:12     | Got a faintly glowing golden ring
 12497 | D:12     | Identified the ring of the Fiend {MR++ AC+4 Stlth+} (You
                  | found it on level 12 of the Dungeon)
 13045 | Lair:1   | Entered Level 1 of the Lair of Beasts
 13067 | Lair:1   | Found a hide-covered altar of Uskayaw.
 13161 | Lair:1   | Found a runed translucent gate.
 13162 | Lair:1   | Found a runed translucent gate.
 13163 | Lair:1   | Found a runed translucent gate.
 13165 | Lair:1   | Noticed Mesosil's ghost (journeyman OpFE)
 13165 | Lair:1   | Noticed z0mbie90's ghost (journeyman MiBe)
 14627 | Lair:2   | Reached skill level 14 in Fighting
 14637 | Lair:2   | Reached ****** piety under Okawaru
 14639 | Lair:2   | Reached XP level 13. HP: 122/122 MP: 12/12
 14815 | Lair:3   | Got a vibrating pewter ring
 14880 | Lair:3   | Received a gift from Okawaru
 14914 | Lair:3   | Identified the ring "Baithoq" {+Fly rPois rF- Slay-5 SInv}
                  | (You found it on level 3 of the Lair of Beasts)
 15272 | Lair:3   | Found a staircase to the Snake Pit.
 15281 | Lair:3   | Received a gift from Okawaru
 15400 | Lair:3   | Got an ivory long sword
 15401 | Lair:3   | Identified the +5 long sword "Xonuhu" {flame, *Drain MR+++
                  | SInv Stlth+} (You found it on level 3 of the Lair of
                  | Beasts)
 15784 | Lair:4   | Found a staircase to the Shoals.
 15789 | Lair:4   | Received a gift from Okawaru
 16488 | Lair:4   | Received a gift from Okawaru
 16994 | Lair:5   | Reached skill level 15 in Fighting
 17145 | Lair:5   | Found a staircase to the Slime Pits.
 17146 | Lair:5   | Found a viscous altar of Jiyva.
 17253 | Lair:5   | Noticed Rupert
 17270 | Lair:5   | Killed Rupert
 17620 | Lair:6   | Entered Level 6 of the Lair of Beasts
 17650 | Lair:6   | Found a frozen archway.
 17688 | IceCv    | Entered an ice cave
 17716 | IceCv    | Received a gift from Okawaru
 17803 | IceCv    | Received a gift from Okawaru
 18416 | IceCv    | Identified Sif Muna's Handbook of Cold
 18495 | IceCv    | Found an ancient bone altar of Kikubaaqudgha.
 18743 | Lair:6   | Reached XP level 14. HP: 119/135 MP: 13/13
 18985 | Lair:6   | Found a runed translucent door.
 19177 | Lair:6   | Reached skill level 1 in Stealth
 19196 | Lair:6   | Paralysed by a hornet for 2 turns
 19324 | Lair:6   | Reached skill level 16 in Fighting
 19765 | Lair:6   | Reached skill level 15 in Maces & Flails
 19816 | Lair:6   | Received a gift from Okawaru
 21126 | Orc:1    | Entered Level 1 of the Orcish Mines
 21240 | Orc:1    | Found a roughly hewn altar of Beogh.
 21389 | Orc:2    | Entered Level 2 of the Orcish Mines
 21433 | Orc:2    | Noticed an orc warlord
 21571 | Orc:1    | Killed an orc warlord
 21685 | Orc:2    | Found Lacy's Armour Emporium.
 22066 | Orc:1    | Received a gift from Okawaru
 22066 | Orc:1    | Reached skill level 17 in Fighting
 22077 | Orc:1    | Reached XP level 15. HP: 43/147 MP: 15/15
 22387 | Orc:1    | Got an iridescent mace {god gift}
 22390 | Orc:1    | Identified the +4 mace "Neguc" {vorpal, *Drain rPois rN+
                  | Int+4} (Okawaru gifted it to you on level 1 of the Orcish
                  | Mines)
 22924 | Orc:2    | Found Vianed's Book Boutique.
 22926 | Orc:2    | Found Ajaem's Jewellery Shoppe.
 22963 | Orc:2    | Found a staircase to the Elven Halls.
 22972 | Orc:2    | Found Xanitoze's Jewellery Emporium.
 23180 | Orc:2    | Bought an uncursed amulet of faith for 520 gold pieces
 23653 | Orc:2    | Bought the +1 plate armour of the Quahog {*Slow rN++ SInv
                  | Stlth+} for 703 gold pieces
 23914 | Lair:1   | Killed Mesosil's ghost
 23927 | Lair:1   | Killed z0mbie90's ghost
 23939 | Lair:1   | Got a shimmering dire flail
 24384 | D:12     | Identified the +5 dire flail "Naezacroza" {vorpal, Int+2}
                  | (You found it on level 1 of the Lair of Beasts)
 24549 | D:13     | Noticed a frost giant
 24571 | D:13     | Killed a frost giant
 24990 | D:13     | Found Xauxkow's Antique Armour Emporium.
 25022 | D:13     | Bought a dazzling chain mail for 304 gold pieces
 25032 | D:13     | Identified the cursed +0 chain mail "Egrihono" {rF+ rCorr
                  | Int-4} (You bought it in a shop on level 13 of the Dungeon)
 25191 | D:13     | Received a gift from Okawaru
 25263 | D:13     | Received a gift from Okawaru
 25476 | D:13     | Received a gift from Okawaru
 25859 | D:14     | Found a gate to the Vaults.
 25908 | D:14     | Found a white marble altar of Elyvilon.
 25934 | D:14     | Reached skill level 18 in Fighting
 25967 | D:14     | Received a gift from Okawaru
 26019 | D:14     | Found a gate leading to a gauntlet.
 26042 | Gauntlet | Entered a Gauntlet
 26042 | Gauntlet | Found a transporter.
 26053 | Gauntlet | Found a transporter.
 26057 | Gauntlet | Found a transporter.
 26068 | Gauntlet | Found a transporter.
 26069 | Gauntlet | Found a transporter.
 26080 | Gauntlet | Found a transporter.
 26081 | Gauntlet | Found a transporter.
 26089 | Gauntlet | Found a transporter.
 26093 | Gauntlet | Found a transporter.
 26101 | Gauntlet | Found a transporter.
 26122 | Gauntlet | Found a transporter.
 26134 | Gauntlet | Found a transporter.
 26146 | Gauntlet | Found a transporter.
 26158 | Gauntlet | Found a transporter.
 26288 | Gauntlet | Reached skill level 15 in Shields
 26412 | Gauntlet | Identified the +10 arbalest of Hiagid Zisk {speed, rC++
                  | Str-3}
 26422 | Gauntlet | Received a gift from Okawaru
 27375 | D:15     | Entered Level 15 of the Dungeon
 27464 | D:15     | Received a gift from Okawaru
 27501 | D:15     | Reached XP level 16. HP: 159/159 MP: 16/16
 27822 | D:15     | Noticed Kirke
 27970 | D:14     | Killed Kirke
 28152 | D:15     | Found a bloodstained altar of Trog.
 28285 | D:15     | Found a staircase to the Depths.
 28927 | Snake:1  | Entered Level 1 of the Snake Pit
 29162 | Snake:1  | Reached skill level 19 in Fighting
 29741 | Snake:1  | Received a gift from Okawaru
 30485 | Snake:2  | Got an ichor-stained leather armour
 30568 | Snake:2  | Found Weqolunge's Book Boutique.
 30606 | Snake:2  | Found Wasaisch Tieps's Jewellery Shop.
 30654 | Snake:2  | Received a gift from Okawaru
 30720 | Snake:2  | Received a gift from Okawaru
 31080 | Snake:2  | Identified the +1 leather armour of the Cockroach {+Inv
                  | Int-3 SInv} (You found it on level 2 of the Snake Pit)
 31116 | Snake:3  | Received a gift from Okawaru
 31225 | Snake:3  | Received a gift from Okawaru
 31236 | Snake:3  | Found a burning altar of Makhleb.
 31586 | Snake:3  | Reached XP level 17. HP: 169/169 MP: 18/18
 31864 | Snake:4  | Entered Level 4 of the Snake Pit
 31883 | Snake:4  | Received a gift from Okawaru
 31909 | Snake:4  | Got a smoking iron ring
 32412 | Snake:4  | Received a gift from Okawaru
 32412 | Snake:4  | Reached skill level 20 in Fighting
 32630 | Snake:4  | Reached skill level 10 in Throwing
 32671 | Snake:4  | Identified the ring "Yvofusid" {rC+ rN++ MR+ Int-3 SInv
                  | Stlth+} (You found it on level 4 of the Snake Pit)
 32872 | Snake:4  | Got a serpentine rune of Zot
 34615 | Shoals:1 | Entered Level 1 of the Shoals
 34878 | Shoals:1 | Learned a level 1 spell: Apportation
 34918 | Shoals:1 | Received a gift from Okawaru
 34919 | Shoals:1 | Got a sapphire rapier {god gift}
 35187 | Shoals:1 | Identified the +4 rapier of War {pain, rF+} (Okawaru gifted
                  | it to you on level 1 of the Shoals)
 35554 | Shoals:2 | Found Ywiheim's Jewellery Shop.
 35582 | Shoals:2 | Bought the ring "Voroeffegh" {+Fly Str+4} for 361 gold
                  | pieces
 35908 | Shoals:3 | Noticed a kraken
 35927 | Shoals:3 | Killed a kraken
 36435 | Shoals:3 | Received a gift from Okawaru
 36560 | Shoals:3 | Noticed a kraken
 36560 | Shoals:3 | Noticed a kraken
 36589 | Shoals:3 | Noticed a kraken
 36773 | Shoals:3 | HP: 8/172 [harpy (1)]
 37215 | Shoals:3 | Reached XP level 18. HP: 171/180 MP: 19/19
 37725 | Shoals:3 | Reached skill level 15 in Armour
 38369 | Shoals:4 | Entered Level 4 of the Shoals
 38450 | Shoals:4 | Received a gift from Okawaru
 38508 | Shoals:4 | Noticed Polyphemus
 38527 | Shoals:4 | Killed Polyphemus
 38976 | Shoals:4 | Noticed Ilsuiw
 39362 | Shoals:4 | Killed Ilsuiw
 39379 | Shoals:4 | Reached skill level 21 in Fighting
 39581 | Shoals:4 | Got a crude ring mail
 39583 | Shoals:4 | Identified the cursed +1 ring mail of Piqete {+Inv MR- SInv
                  | Stlth+} (You found it on level 4 of the Shoals)
 39685 | Shoals:4 | Received a gift from Okawaru
 39688 | Shoals:4 | Got a smoking hunting sling {god gift}
 39689 | Shoals:4 | Identified the +3 hunting sling of the Evil Eye {flame,
                  | Str+7 Int-3 Dex+2 Stlth+} (Okawaru gifted it to you on
                  | level 4 of the Shoals)
 40127 | Shoals:4 | Got a barnacled rune of Zot
 40385 | Shoals:4 | Received a gift from Okawaru
 41255 | Shoals:4 | Got a scorched great mace {god gift}
 41296 | Shoals:4 | Identified the +6 great mace of No Interval {venom, SInv}
                  | (Okawaru gifted it to you on level 4 of the Shoals)
 41674 | Vaults:1 | Entered Level 1 of the Vaults
 42026 | Vaults:1 | Received a gift from Okawaru
 42069 | Vaults:1 | Received a gift from Okawaru
 42076 | Vaults:1 | Reached skill level 5 in Dodging
 42167 | Vaults:1 | Reached XP level 19. HP: 127/190 MP: 20/20
 42618 | Vaults:1 | Found Godanon's Distillery.
 42624 | Vaults:1 | Bought a potion of curing for 51 gold pieces
 42624 | Vaults:1 | Bought 2 potions of mutation for 272 gold pieces
 42624 | Vaults:1 | Bought a potion of heal wounds for 85 gold pieces
 43180 | Vaults:1 | Identified the cursed +3 hand crossbow "Foyjuwis" {elec,
                  | *Drain rF+ rC+ rN+++}
 44451 | Vaults:2 | Received a gift from Okawaru
 44452 | Vaults:2 | Got a shadowed robe {god gift}
 44465 | Vaults:2 | Identified the +2 robe "Rekkilypoa" {Str+3 Dex+3} (Okawaru
                  | gifted it to you on level 2 of the Vaults)
 45119 | Vaults:2 | Found Kicar's General Store.
 45123 | Vaults:2 | Bought a scroll of enchant weapon for 112 gold pieces
 45123 | Vaults:2 | Bought a potion of haste for 150 gold pieces
 45274 | Vaults:2 | Reached skill level 22 in Fighting
 45736 | Vaults:2 | Received a gift from Okawaru
 45827 | Vaults:2 | Received a gift from Okawaru
 45828 | Vaults:2 | Found the +27 Lear's hauberk
 46636 | Vaults:2 | You fall into a shaft and drop 1 floor!
 46710 | Vaults:3 | Reached XP level 20. HP: 169/199 MP: 22/22
 46912 | Vaults:2 | Reached skill level 1 in Evocations
 47158 | Vaults:3 | Got a warped ring mail
 47218 | Vaults:3 | Identified the cursed +0 ring mail "Nom Sic" {-Tele rF+ rC+
                  | Str+6} (You found it on level 3 of the Vaults)
 47308 | Vaults:3 | Received a gift from Okawaru
 47309 | Vaults:3 | Got a slimy hat {god gift}
 47310 | Vaults:3 | Identified the -5 hat of the Nightingale {-Tele rElec Str+7
                  | Int-2} (Okawaru gifted it to you on level 3 of the Vaults)
 47382 | Vaults:3 | Noticed Xtahua
 47396 | Vaults:3 | Killed Xtahua
 48067 | Vaults:3 | Reached skill level 5 in Invocations
 48517 | Vaults:3 | Found a staircase to the Crypt.
 48554 | Vaults:3 | Received a gift from Okawaru
 48747 | Vaults:4 | Received a gift from Okawaru
 48777 | Vaults:4 | Got a dazzling animal skin {god gift}
 48883 | Vaults:2 | Identified the +0 animal skin "Apuyqok" {Stlth+} (Okawaru
                  | gifted it to you on level 4 of the Vaults)
 49011 | Vaults:4 | Found Zumirutz's Distillery.
 49057 | Vaults:4 | Bought a potion of heal wounds for 90 gold pieces
 49057 | Vaults:4 | Bought a potion of curing for 54 gold pieces
 49057 | Vaults:4 | Bought 2 potions of invisibility for 288 gold pieces
 49057 | Vaults:4 | Bought a potion of curing for 54 gold pieces
 49057 | Vaults:4 | Bought a potion of curing for 54 gold pieces
 49193 | Vaults:4 | Found a runed translucent gate.
 49193 | Vaults:4 | Found a runed translucent gate.
 49193 | Vaults:4 | Found a runed translucent gate.
 49195 | Vaults:4 | Noticed DildoBatman's ghost (adept FoWz)
 49195 | Vaults:4 | Noticed Getoffmy's ghost (veteran GrFi)
 49195 | Vaults:4 | Noticed howech's ghost (veteran MiGl)
 49412 | Vaults:4 | Reached skill level 23 in Fighting
 49673 | Vaults:4 | Got a bloodstained halberd
 49674 | Vaults:4 | Identified the +0 halberd of Kaitolao {vorpal, *Corrode rC+
                  | rN++ MP+9} (You found it on level 4 of the Vaults)
 50660 | Elf:1    | Entered Level 1 of the Elven Halls
 50660 | Elf:1    | Noticed Frances
 50683 | Elf:1    | Killed Frances
 51080 | Elf:1    | Reached XP level 21. HP: 204/209 MP: 24/24
 51804 | Elf:2    | Received a gift from Okawaru
 51807 | Elf:2    | Got an iridescent morningstar {god gift}
 51808 | Elf:2    | Identified the +3 morningstar of Xifoleer {protect, rPois
                  | Str-4 Dex+4} (Okawaru gifted it to you on level 2 of the
                  | Elven Halls)
 52102 | Elf:2    | Found Jeteah's Assorted Antiques.
 52111 | Elf:2    | Bought a blackened silver amulet for 190 gold pieces
 52111 | Elf:2    | Bought a blackened emerald amulet for 190 gold pieces
 52111 | Elf:2    | Bought a potion of mutation for 304 gold pieces
 52122 | Elf:2    | Identified Roxanne's Tome of the Mountains
 52122 | Elf:2    | Noticed Roxanne
 52131 | Elf:2    | Killed Roxanne
 52133 | Elf:2    | Noticed Donald
 52144 | Elf:2    | Killed Donald
 52253 | Elf:2    | Learned a level 2 spell: Passwall
 52571 | Elf:2    | Found a runed translucent gate.
 52571 | Elf:2    | Found a runed translucent gate.
 52573 | Elf:2    | Found a runed translucent gate.
 52663 | Elf:2    | Reached skill level 5 in Evocations
 52754 | Elf:2    | Received a gift from Okawaru
 52764 | Elf:2    | Got a warped kite shield {god gift}
 52765 | Elf:2    | Identified the +0 kite shield "Xialips" {Str+7} (Okawaru
                  | gifted it to you on level 2 of the Elven Halls)
 53076 | Elf:3    | Entered Level 3 of the Elven Halls
 53444 | Elf:3    | Reached skill level 10 in Dodging
 54251 | Elf:3    | Received a gift from Okawaru
 54499 | Elf:3    | Found the +4 skin of Zhor {Englaciate rC+++ SInv}
 54543 | Elf:3    | Got an ancient tin ring
 54551 | Elf:3    | Found the +7 captain's cutlass {speed, disarm}
 54554 | Elf:3    | Identified the Reference Book on Execration
 54581 | Elf:3    | Identified the Handbook of Blistering Enchantment
 54612 | Elf:3    | Identified the ring of Acicu {rC+ rCorr Slay+3} (You found
                  | it on level 3 of the Elven Halls)
 55192 | Elf:3    | Got a crystal morningstar
 55203 | Elf:3    | Got an ancient chain mail
 55205 | Elf:3    | Identified the +8 morningstar of Igrean {protect, Int+3
                  | Dex+4} (You found it on level 3 of the Elven Halls)
 55499 | D:12     | Identified the cursed +1 chain mail of Midsummer {rElec
                  | Dex+7} (You found it on level 3 of the Elven Halls)
 55769 | Elf:3    | Got a faintly glowing scimitar
 55783 | Elf:3    | Got a fine longbow
 55937 | Elf:2    | Got a fine war axe
 56244 | D:12     | Identified the +5 scimitar of Fiugarom {antimagic, rF+}
                  | (You found it on level 3 of the Elven Halls)
 56246 | D:12     | Identified the cursed +1 longbow of Uskayaw's Indignation
                  | {freeze, +Fly rF+} (You found it on level 3 of the Elven
                  | Halls)
 56253 | D:12     | Identified the cursed +0 war axe "Impbane" {antimagic, +Inv
                  | rPois Int+2} (You found it on level 2 of the Elven Halls)
 56514 | Depths:1 | Entered Level 1 of the Depths
 56707 | Depths:1 | Received a gift from Okawaru
 56716 | Depths:1 | Reached XP level 22. HP: 149/218 MP: 26/26
 56732 | Depths:1 | Got an ancient tower shield {god gift}
 56862 | Depths:1 | Identified the +0 tower shield of Jigsaw {rC+ MR- Int+4}
                  | (Okawaru gifted it to you on level 1 of the Depths)
 56906 | Depths:1 | Found a one-way gate to the infinite horrors of the Abyss.
 57071 | Depths:1 | Found a one-way gate leading to the halls of Pandemonium.
 57073 | Depths:1 | Gained mutation: Your body sometimes deteriorates upon
                  | taking damage. [a cacodemon]
 57449 | Depths:1 | Found a shimmering altar of Xom.
 57749 | Depths:1 | Found a gateway to Hell.
 57968 | Depths:2 | Noticed the Enchantress
 57991 | Depths:1 | Received a gift from Okawaru
 58336 | Depths:2 | Killed the Enchantress
 58815 | Depths:1 | Got a shimmering mace {god gift}
 58816 | Depths:1 | Identified the +1 mace "Mangie" {drain, rF+ Str+2 Int+2}
                  | (Okawaru gifted it to you on level 1 of the Depths)
 58836 | Depths:2 | Paralysed by a floating eye for 2 turns
 58905 | Depths:2 | Received a gift from Okawaru
 59954 | Depths:3 | Received a gift from Okawaru
 60017 | Depths:3 | Paralysed by a floating eye for 4 turns
 60172 | Depths:3 | Reached skill level 24 in Fighting
 60248 | Depths:3 | Found a sparkling altar of Nemelex Xobeh.
 60381 | Depths:3 | Found Xiniesmuihu's Weapon Shoppe.
 60381 | Depths:3 | Found a runed translucent gate.
 60381 | Depths:3 | Found a runed translucent gate.
 60401 | Depths:3 | Found a runed translucent gate.
 60403 | Depths:3 | Noticed Manyts's ghost (adept MiBe)
 60588 | Depths:3 | Found a gateway to a ziggurat.
 60702 | Depths:3 | You fall into a shaft and drop 1 floor!
 60855 | Depths:3 | Reached XP level 23. HP: 214/229 MP: 28/28
 60861 | Depths:3 | Paralysed by a floating eye for 4 turns
 61264 | Depths:3 | Received a gift from Okawaru
 61371 | Depths:3 | Killed Manyts's ghost
 61371 | Depths:3 | Received a gift from Okawaru
 61592 | Depths:3 | Got a steaming scale mail
 61594 | Depths:3 | Identified the +4 scale mail "Imeuz" {Int+6 Dex+4 Stlth+}
                  | (You found it on level 3 of the Depths)
 61597 | Depths:3 | Got a pair of jewelled gloves
 61598 | Depths:3 | Identified the +1 pair of gloves of Ifineik {rCorr} (You
                  | found it on level 3 of the Depths)
 62360 | Depths:4 | Received a gift from Okawaru
 62365 | Depths:4 | Got a sapphire hunting sling {god gift}
 62366 | Depths:4 | Identified the +3 hunting sling "Qitur" {vorpal, rN+}
                  | (Okawaru gifted it to you on level 4 of the Depths)
 62403 | Depths:4 | Paralysed by a floating eye for 2 turns
 62412 | Depths:4 | Paralysed by a floating eye for 4 turns
 62424 | Depths:4 | Paralysed by a floating eye for 3 turns
 62432 | Depths:4 | Paralysed by a floating eye for 2 turns
 62439 | Depths:4 | Paralysed by a floating eye for 4 turns
 62442 | Depths:4 | Killed from afar by a tengu reaver

Illustrated notes

Levels and vault maps discovered:
D:1:      doesnt_arrival_eight_statues, layout_basic
D:2:      layout_basic
D:3:      layout_basic, chequers_ecumenical_altar_island, first_ration,
          minmay_rat_hole
D:4:      layout_basic, grunt_temple_overflow_open, uniq_eustachio, uniq_pikel,
          uniq_duvessa, uniq_blork_the_orc
D:5:      layout_cave_pools, lemuel_crystal_altar,
          nicolae_ru_great_annihilating_truth, uniq_sigmund, uniq_ijyb
D:6:      layout_basic, nicolae_overflow_crystal_walls,
          minmay_temple_entry_offerings, uniq_menkaure
D:7:      layout_basic, overflow_temple_1_default, minmay_bent
D:8:      layout_basic, overflow_temple_1_default,
          chequers_temple_overflow_statue_of_worship, lair_entry_dummy,
          basic_altar, serial_shops, nicolae_shop_waterfront, grunt_pizzeria,
          uniq_grum
D:9:      layout_basic, kennysheep_mini_moat, serial_shops, nicolae_shop_stone,
          uniq_erolcha
D:10:     layout_loops_ring, uniq_sonja, uniq_gastronok
D:11:     layout_irregular_city, david_orc_5
D:12:     layout_layer_cave, enter_trove_5, serial_glass, glass_columns_a,
          glass_columns_c, glass_columns_c, glass_columns_c, glass_columns_a,
          glass_columns_c, minmay_misc_feat_tiny
D:13:     minmay_the_grid_net [minmay_the_grid_tiny_cups, minmay_the_grid_x,
          minmay_the_grid_large_cup, minmay_the_grid_eight,
          minmay_the_grid_spikes, minmay_the_grid_prize_big_room], layout_basic,
          serial_undead, serial_undead_a, serial_undead_b, serial_undead_f,
          serial_undead_b, serial_shops, kennysheep_little_box, minivault_23
D:14:     layout_basic, erik_vaults_1, serial_park_paths
          [serial_park_minivault_5x5_4], gauntlet_entry_generic,
          david_defended_altar_elf
D:15:     gammafunk_depths_entry_grave, layout_loops_corners,
          minmay_misc_feat_nine_boxes, basic_altar, minmay_misc_feat_doors,
          uniq_kirke
Temple:   jpeg_temple_island
Lair:1:   layout_regular_city, gammafunk_ghost_cemetery, basic_altar,
          serial_bayou_pond_d, chequers_serial_rivers_room_a, st_stairs_13
Lair:2:   layout_cave_pods, grunt_megastairs_1, lemuel_fruit_tree
Lair:3:   layout_cave_pods, dummy_snake_entry, minmay_stone_trees_medium,
          infiniplex_staircase_pool
Lair:4:   dpeg_oklob_gauntlet, layout_gridlike, elwin_shoals_entry_stream,
          minmay_hedge_maze
Lair:5:   layout_concentric_octagons, slime_altar_1, uniq_rupert
Lair:6:   wormcave, layout_cave_pods, portal_ice_cave_entry_ice_beasts,
          eino_house_with_fridge
Shoals:1: layout_shoals
Shoals:2: layout_shoals, serial_shops,
          nicolae_shop_temple_entry_statues_fountains
Shoals:3: layout_shoals, nicolae_shoals_kraken_party
Shoals:4: shoals_end_hangedman, layout_shoals, shoals_ilsuiw_alternative,
          uniq_polyphemus
Snake:1:  layout_layer_cave, grunt_megastairs_4
Snake:2:  layout_onion, nicolae_coiled_stairwell_up, minmay_shoptagon
Snake:3:  layout_misc_corridors, basic_altar, nrook_guardian_serpent_ordinary
Snake:4:  snake_pit, layout_cave_pods
Orc:1:    layout_caves, basic_altar
Orc:2:    st_orc_open, layout_caves
Elf:1:    minmay_elf_arrival_summoners, layout_geoelf_octagon,
          hangedman_elven_crosses_minicolossus, uniq_frances
Elf:2:    layout_onion_city, serial_shops, shop, serial_sigils_hangedman_shear,
          uniq_donald, uniq_roxanne
Elf:3:    elf_hall, layout_gridlike, dk_noncrumbling_2, hangedman_elven_ridges
Vaults:1: nicolae_vaults_border_crossing, hangedman_vaults_pinch, v_rooms_4,
          hangedman_vaults_unwind, vaults_dpeg_ring,
          nicolae_vaults_network_star, nicolae_vaults_rhombus_6, v_misc_12,
          vaults_room_fancy_cross, v_misc_13, grunt_vaults_hallway_long,
          nicolae_vaults_circle_grid_b, nicolae_vaults_quartermaster,
          layout_vaults_omnicross, serial_shops, nicolae_shop_behind_doors
Vaults:2: ontoclasm_vaults_tryst, nicolae_vaults_big_ls, vaults_room_boxed,
          vaults_room_grid, vaults_room_stairs_pillars,
          vaults_dpeg_encased_lava, hangedman_vaults_corner, v_misc_23,
          vaults_mumra_hex, ontoclasm_vaults_fault, v_misc_30,
          nicolae_vaults_mini_display_case, layout_vaults_ring, serial_shops,
          shop
Vaults:3: grunt_vaults_twisty, vaults_room_fours,
          nicolae_vaults_network_barrier, v_rooms_3,
          minmay_crypt_entry_simple_box, layout_vaults_omnigrid, uniq_xtahua
Vaults:4: gammafunk_vaults_ghost_cemetery,
          vaults_standard_mumra_enter_the_diamond, v_rooms_5, vaults_dpeg_doors,
          v_misc_31, nicolae_vaults_little_squares_6,
          nicolae_vaults_network_square, grunt_vaults_funnel, v_misc_2,
          v_misc_22, vaults_room_ringed_pool, st_lines,
          nicolae_vaults_ring_of_whatevers, vaults_room_mumra_shop_pool,
          layout_vaults_omnibox
Depths:1: layout_basic, pf_dread_powers_of_hell, rand_demon_pan_entry_9,
          abyss_entry, hangedman_abyss_or_decor_lesser_grid, tgw_xom
Depths:2: minmay_mutant_horseshoe, layout_cave_pools, hell_entry,
          serial_bayou_lagoon_a, pan_entry, minmay_orc_keep,
          infiniplex_staircase_river, uniq_enchantress
Depths:3: hangedman_surveillance_ring, layout_basic, enter_ziggurat_a,
          gammafunk_ghost_tricky_traps, serial_shops, nicolae_shop_crystal,
          rand_demon_pan_entry_5, hell_entry, nemelex_diamond_rough_becter,
          minmay_staircase_windowed_large
Depths:4: grunt_bent_corner, layout_cave_pools, grunt_hell_entry_dis_mu,
          abyss_entry, nicolae_benzene_ring

Skill      XL: |  1  2  3  4  5  6  7  8  9 10 11 12 13 14 15 16 17 18 19 20 21 22 23 |
---------------+----------------------------------------------------------------------+-----
Fighting       | 4 5 6 7 9 11 12 14 15 17 18 19 20 21 22 23 24 | 24.5
Shields        | 4 5 6 7 8 9 11 12 14 15 16 18 19 20 21 22 | 22.6
Armour         | 4 5 7 8 9 10 11 12 13 14 15 16 | 16.9
Maces & Flails | 3 4 7 9 10 12 13 14 15 16 17 18 19 | 19.7
Throwing       | 2 3 4 6 7 8 9 10 11 12 13 | 13.7
Dodging        | 1 2 3 5 7 9 10 11 12 | 12.2
Invocations    | 1 2 3 4 5 7 9 |  9.6
Stealth        | 1 |  1.1
Evocations     | 4 6 7 8 |  8.3

Action                   |  1- 3 |  4- 6 |  7- 9 | 10-12 | 13-15 | 16-18 | 19-21 | 22-24 || total
-------------------------+-------+-------+-------+-------+-------+-------+-------+-------++-------
Melee: Flail             |   103 |   199 |   368 |    57 |       |       |       |       ||   727
       Headbutt          |    17 |    26 |    66 |   173 |   542 |   614 |   626 |   386 ||  2450
       Demon whip        |       |       |       |   636 |  1375 |  1642 |  1681 |   986 ||  6320
       Mace              |       |       |       |       |     9 |       |       |       ||     9
Throw: Boomerang         |     5 |     9 |    59 |       |       |   153 |   294 |   168 ||   688
       Dart              |       |       |    21 |    84 |    12 |       |       |       ||   117
       Throwing net      |       |       |     1 |       |       |       |       |       ||     1
       Javelin           |       |       |       |       |    89 |   100 |       |       ||   189
Invok: Heroism           |       |       |       |     4 |    11 |     8 |    12 |     5 ||    40
       Finesse           |       |       |       |     1 |     4 |     5 |     6 |     3 ||    19
 Abil: Evoke Flight      |       |       |       |       |       |     6 |       |     2 ||     8
Evoke: Wand              |       |       |       |     2 |     1 |     2 |     4 |       ||     9
       Phial of floods   |       |       |       |       |       |       |       |     1 ||     1
  Use: Potion            |       |     1 |     2 |     2 |     7 |     3 |       |     6 ||    21
       Scroll            |       |       |    17 |    10 |    15 |    13 |    20 |     6 ||    81
 Stab: Invisible         |       |       |     1 |       |       |       |       |       ||     1
  Eat: Chunk             |     1 |     4 |     4 |     3 |     6 |     9 |    20 |     4 ||    51
       Ration            |       |     1 |     2 |     7 |    11 |    11 |     8 |     4 ||    44
Armor: Plate armour      |    74 |   102 |   138 |   173 |   431 |   550 |   211 |   238 ||  1917
Dodge: Dodged            |     9 |    28 |    61 |    92 |   290 |   294 |   233 |   212 ||  1219
Block: Kite shield       |    54 |    89 |   181 |   258 |   660 |   129 |       |       ||  1371
       Tower shield      |       |       |       |       |       |  1446 |  1148 |   750 ||  3344
       Reflection        |       |       |       |       |       |       |     1 |    46 ||    47
